 Dungeon Crawl Stone Soup version 0.30-a0-702-gdf48620a09 (webtiles) character file.

Game seed: 2880235227609631539

30 holysushi the Trooper (level 3, -2/60 HPs)
             Began as an Ogre Berserker on Jan 21, 2023.
             Was a Follower of Trog.
             Slain by Terence
             ... wielding a +0 flail
              (7 damage)
             ... on level 2 of the Dungeon.
             The game lasted 00:01:00 (906 turns).

holysushi the Trooper (Ogre Berserker)               Turns: 906, Time: 00:01:01

Health: -2/60      AC:  3    Str: 23    XL:     3   Next: 20%
Magic:  3/3        EV: 10    Int:  8    God:    Trog [*.....]
Gold:   46         SH:  0    Dex:  8    Spells: 2/2 levels left

rFire   . . .      SeeInvis .    a - +0 mace
rCold   . . .      Faith    .    (no shield)
rNeg    . . .      Spirit   .    b - +0 animal skin
rPois   .          Reflect  .    (helmet restricted)
rElec   .          Harm     .    (no cloak)
rCorr   .          Rampage  .    (gloves unavailable)
Will    .....                    (boots unavailable) Stlth
                                 (no amulet)
HPRegen 0.30/turn                (no ring)
MPRegen 0.08/turn                (no ring)

@: berserking, very quick
A: large, unfitting armour, tough skin 1
a: Renounce Religion, Berserk


You were on level 2 of the Dungeon.
You worshipped Trog.
Trog was aware of your devotion.
You visited 1 branch of the dungeon, and saw 2 of its levels.

You collected 46 gold pieces.

Inventory:

Hand Weapons
 a - a +0 mace (weapon)
Armour
 b - a +0 animal skin (worn)
Scrolls
 c - a scroll of identify {unknown}
 d - a scroll of immolation {unknown}


   Skills:
 + Level 4.5 Fighting
 * Level 3.5 Maces & Flails
 - Level 2.6 Dodging


You had 2 spell levels left.
You didn't know any spells.
Your spell library was empty.

Dungeon Overview and Level Annotations

Branches:
Dungeon (2/15) Zot: 11069

Altars:

Annotations:
D:2 Jessica, Terence


Innate Abilities, Weirdness & Mutations

You are too large for most types of armour.
You have tough skin. (AC +1)


Message History

Jessica is almost dead.
The goblin hits you but does no damage.
Jessica mumbles some strange words.
Jessica blinks!
You barely miss the goblin. The goblin barely misses you.
Terence the Incautious comes into view.
He is wielding a +0 flail.
The goblin attacks as you move away! The goblin hits you with a +0 dagger.
You hit Terence.
Terence is lightly wounded.
The goblin hits you but does no damage. Terence hits you with a +0 flail.
The ball python barely misses you.
You completely miss Terence.
Terence is lightly wounded.
The ball python bites you but does no damage.
The goblin barely misses you.
Terence drinks a potion.
Terence seems to speed up.
The ball python bites you. The goblin barely misses you.
Terence completely misses you.
You hit Terence.
Terence is lightly wounded.
Terence hits you with a +0 flail! The ball python closely misses you.
The goblin hits you but does no damage. Terence hits you with a +0 flail.
The goblin hits you with a +0 dagger. Terence attacks as you move away!
Terence hits you with a +0 flail!
* * * LOW HITPOINT WARNING * * *
The ball python attacks as you move away!
The ball python bites you but does no damage.
Terence says, "You're history."
The ball python barely misses you.
You sock the ball python!
You kill the ball python!
Trog accepts your kill.
You hit Terence but do no damage.
Terence is lightly wounded.
Terence closely misses you. Terence hits you with a +0 flail.
* * * LOW HITPOINT WARNING * * *
You aren't carrying any potions.
A red film seems to cover your vision as you go berserk!
You feel yourself moving faster!
You feel mighty! Terence barely misses you. Terence hits you with a +0 flail!
You die...

. ... ##. #..
.... #.#
#.#.##.# ..
....
#.##.####.###
#...g@.......
#..#@####..##
# #@# #.# #.#
#.# #.# #.#
#.# . #####.#
#. #...#.#


You could see Terence (fast), Jessica and a goblin.

Vanquished Creatures
  A dart slug (D:1)
  2 bats (D:1)
  An endoplasm (D:1)
  2 giant cockroaches (D:1)
  4 hobgoblins (D:1)
  3 kobolds
  2 quokkas (D:1)
  5 ball pythons
  3 frilled lizards (D:1)
  2 rats (D:1)
25 creatures vanquished.

Notes
Turn   | Place    | Note
-------+----------+-------------------------------------------
     0 | D:1      | holysushi the Ogre Berserker began the quest for the Orb.
     0 | D:1      | Reached XP level 1. HP: 24/24 MP: 1/1
   188 | D:1      | Reached XP level 2. HP: 31/32 MP: 2/2
   494 | D:1      | Reached XP level 3. HP: 38/40 MP: 3/3
   893 | D:2      | Noticed Jessica
   897 | D:2      | Noticed Terence
   906 | D:2      | Slain by Terence

Illustrated notes

Levels and vault maps discovered:
D:1:      doesnt_arrival_eight_statues, layout_loops_ring
D:2:      minmay_diamond_boxcup, layout_basic, chequers_serial_rivers_micro_d,
          uniq_crazy_yiuf_cottage, uniq_terence, uniq_jessica

Skill      XL: |  1 |
---------------+----+-----
Maces & Flails | 3 |  3.5
Fighting       | |  4.5
Dodging        | |  2.6

Action                   || total
-------------------------++-------
Melee: Mace              ||    97
       Punch             ||     1
Invok: Berserk           ||     1
 Stab: Distracted        ||     1
Armor: Animal skin       ||    33
Dodge: Dodged            ||    70

Table legend: (Time is in decaauts)
 A = Elapsed time spent in this place.
 B = Non-inter-level travel time spent in this place.
 C = Inter-level travel time spent in this place.
 D = Time resting spent in this place.
 E = Time spent auto-exploring this place.
 F = Levels seen in this place.
 G = Mean time per level.
                   A        B        C        D        E       F      G
               +--------+--------+--------+--------+--------+-----+--------+
         Total |    929 |    879 |     50 |     31 |    622 |   2 |  464.5 |
       Dungeon |    929 |    879 |     50 |     31 |    622 |   2 |  464.5 |
               +--------+--------+--------+--------+--------+-----+--------+

Top non-repeatable levels by time:
     D:1: 883 daAuts
     D:2: 45 daAuts
